 Dungeon Crawl Stone Soup version 0.28.0-45-g0d030f2227 (webtiles) character file.

Game seed: 4478210684195170811

147 seaoflcl the Skirmisher (level 5, -6/42 HPs)
             Began as a Demonspawn Fighter on Apr 24, 2022.
             Splashed by a jelly's acid (8 damage)
             ... on level 2 of the Dungeon.
             The game lasted 00:03:04 (2345 turns).

seaoflcl the Skirmisher (Demonspawn Fighter)        Turns: 2345, Time: 00:03:05

Health: -6/42      AC:  5    Str: 19    XL:     5   Next: 7%
Magic:  5/5        EV:  7    Int: 15    God:
Gold:   135        SH:  4    Dex: 12    Spells: 4/4 levels left

rFire   . . .      SeeInvis .   a - +2 short sword (speed)
rCold   . . .      Faith    .   c - +0 buckler
rNeg    . . .      Spirit   .   g - +0 chain mail
rPois   .          Reflect  .   (no helmet)
rElec   .          Harm     .   (no cloak)
rCorr   .          Rampage  .   (no gloves)
Will    .....                   (no boots)
Stlth   ..........              (no amulet)
HPRegen 0.14/turn               h - +6 ring of intelligence
MPRegen 0.09/turn               (no ring)

@: corroded
A: hooves 1, weakness stinger 1, demonic touch 1
a: no special abilities


You were on level 2 of the Dungeon.
You visited 1 branch of the dungeon, and saw 2 of its levels.

You collected 135 gold pieces.

Inventory:

Hand Weapons
 a - a +2 short sword of speed (weapon)
 b - a +0 hunting sling
 l - a +0 long sword
Armour
 c - a +0 buckler (worn)
 g - a +0 chain mail (worn)
Jewellery
 h - a +6 ring of intelligence (left hand)
Scrolls
 f - 2 scrolls of identify {unknown}
 k - a scroll of torment {unknown}
Potions
 d - a potion of might
 e - a potion of curing {unknown}
 i - a potion of flight {unknown}
 j - a potion of degeneration {unknown}


   Skills:
 + Level 3.8 Fighting
 + Level 2.8 Long Blades
 + Level 3.5 Armour
 + Level 3.5 Shields


You had 4 spell levels left.
You didn't know any spells.
Your spell library was empty.

Dungeon Overview and Level Annotations

Branches:
Dungeon (2/15)

Altars:


Innate Abilities, Weirdness & Mutations

You have large cloven feet.
You have a small tail.
Your touch may inflict minor irresistible damage on your foes.


Message History

The endoplasm is almost dead.
The endoplasm barely misses you.
You hit the endoplasm.
You kill the endoplasm!
The endoplasm freezes you.
You are frozen.
You puncture the endoplasm!
You kill the endoplasm!
You hit the jelly.
Your hands burn!
The jelly is moderately wounded.
You hit the jelly. The acid corrodes you!
Your hands burn!
The jelly is heavily wounded.
The jelly barely misses you.
You hit the jelly but do no damage.
Your hands burn!
The jelly is heavily wounded.
The jelly hits you but does no damage.
You hit the jelly.
Your hands burn!
You kick the jelly.
The jelly is almost dead.
You hit the jelly.
You kill the jelly!
You have reached level 5!
Your demonic ancestry asserts itself...
You grow a small tail.
You hit the jelly.
Your hands burn!
You kick the jelly.
The jelly is moderately wounded.
The jelly hits you but does no damage.
You hit the jelly.
Your hands burn!
You tail-slap the jelly.
The jelly is heavily wounded.
The jelly hits you.
* * * LOW HITPOINT WARNING * * *
You are splashed with acid!
* * * LOW HITPOINT WARNING * * *
You hit the jelly.
Your hands burn!
* * * LOW HITPOINT WARNING * * *
You kick the jelly, but do no damage.
The jelly is severely wounded.
The jelly hits you.
* * * LOW HITPOINT WARNING * * *
You are splashed with acid!
You die...

#...#..# #>)#.####.#... .......#
#..)....>..... #.....##
##########.....##
#h....###(.....##.#########....#
...#...##PP...P#.#.#....###....#
.......##......#.#.#.....##....#
.......##P÷...P#)#'#......'....#
.......##...JJJ#.#........'....#
.......##.÷.PPJ#@#........'.####
)......##.÷....#J#.......##.#
...#...##PP÷...J##......#####
......###......##########
......# ######## ...#.. .. .


You could see a jelly and an endoplasm.

Vanquished Creatures
  A jelly (D:2)
  Jessica (D:2)
  3 adders (D:2)
  A dart slug (D:1)
  9 endoplasms
  A giant cockroach (D:1)
  9 goblins
  4 hobgoblins
  4 jackals (D:2)
  A quokka (D:1)
  4 ball pythons (D:1)
  4 bats
  A frilled lizard (D:1)
  13 kobolds
56 creatures vanquished.

Vanquished Creatures (others)
  4 fungi (D:2)
  7 toadstools (D:2)
11 creatures vanquished.

Grand Total: 67 creatures vanquished

Notes
Turn   | Place    | Note
-------+----------+-------------------------------------------
     0 | D:1      | seaoflcl the Demonspawn Fighter began the quest for the
                  | Orb.
     0 | D:1      | Reached XP level 1. HP: 18/18 MP: 1/1
    19 | D:1      | Found a faded altar of an unknown god.
   367 | D:1      | Discovered your monstrous ancestry.
   367 | D:1      | Gained mutation: Your touch may inflict minor irresistible
                  | damage on your foes. [demonic ancestry]
   367 | D:1      | Reached XP level 2. HP: 21/24 MP: 2/2
  1240 | D:1      | Gained mutation: You have large cloven feet. [demonic
                  | ancestry]
  1240 | D:1      | Reached XP level 3. HP: 29/29 MP: 3/3
  1819 | D:2      | Noticed Jessica
  1833 | D:2      | Killed Jessica
  1834 | D:2      | Reached XP level 4. HP: 21/36 MP: 4/4
  2342 | D:2      | Gained mutation: You have a small tail. [demonic ancestry]
  2342 | D:2      | Reached XP level 5. HP: 18/42 MP: 5/5
  2345 | D:2      | HP: 2/42 [jelly (1)]
  2345 | D:2      | Splashed by a jelly's acid

Illustrated notes

Levels and vault maps discovered:
D:1:      minmay_arrival_stair_chambers, layout_loops_corners,
          shapermc_ecumenical_altar_pompeii, minmay_cut_off
D:2:      cheibrodos_fertilizer, layout_rooms, hangedman_decor_slide_cut,
          eino_tiny_chamber, uniq_jessica

Skill      XL: |  1  2 |
---------------+-------+-----
Long Blades    | 2 |  2.8
Shields        | 3 |  3.5
Armour         | 3 |  3.5
Fighting       | |  3.8

Action                   |  1- 3 |  4- 6 || total
-------------------------+-------+-------++-------
Melee: Long sword        |    91 |    38 ||   129
       Kick              |     6 |    15 ||    21
       Short sword       |       |    19 ||    19
       Tailslap          |       |     1 ||     1
Armor: Scale mail        |    24 |       ||    24
       Chain mail        |    29 |    31 ||    60
Dodge: Dodged            |    39 |    26 ||    65
Block: Buckler           |    24 |    13 ||    37
